 Dungeon Crawl Stone Soup version 0.30-a0-272-gf98c3da03f (webtiles) character file.

Game seed: 16471783035527689167

5949 Bnni the Thaumaturge (level 11, -4/84 HPs)
             Began as a Djinni Hedge Wizard on Oct 11, 2022.
             Was an Initiate of Makhleb.
             Slain by a seven-headed hydra (6 damage)
             ... on level 11 of the Dungeon on Oct 15, 2022.
             The game lasted 00:49:50 (9288 turns).

Bnni the Thaumaturge (Djinni Hedge Wizard)          Turns: 9288, Time: 00:49:51

Health: -4/84      AC:  9    Str:  9    XL:     11   Next: 9%
Gold:   1490       EV: 12    Int: 35    God:    Makhleb [......] SH:  0 Dex: 12

rFire   + + .      SeeInvis .    i - +4 rapier of Moaj {protect, +Blink rPois rCorr Int+2}
rCold   x . .      Faith    .    (no shield)
rNeg    . . .      Spirit   .    s - +0 steam dragon scales
rPois   ∞          Reflect  .    u - +0 helmet
rElec   .          Harm     .    t - +0 cloak
rCorr   +          Rampage  .    j - +1 pair of gloves
Will    +....                    (boots unavailable)
Stlth   ++........               y - amulet of regeneration
HPRegen 1.14/turn                o - +6 ring of intelligence
MPRegen 0.00/turn                B - +6 ring of intelligence

@: attractive, flying
A: sickness immunity, fire resistance 2, cold vulnerability 1, float, innate
caster, HP casting, extra vitality 1
a: Renounce Religion, Evoke Blink


You were on level 11 of the Dungeon.
You worshipped Makhleb.
Makhleb was noncommittal.
You visited 2 branches of the dungeon, and saw 12 of its levels.
You also visited: Bailey.

You collected 1523 gold pieces.
You spent 33 gold pieces at shops.

Inventory:

Hand Weapons
 h - a +5 scimitar
 i - the +4 rapier of Moaj (weapon) {protect, +Blink rPois rCorr Int+2}
   (You took it off a kobold on level 4 of the Dungeon)

   It grants its wielder temporary protection when it strikes (+7 to AC).
   Int:       It affects your intelligence (+2).
   rPois:     It protects you from poison.
   +Blink:    It lets you blink.
   rCorr:     It protects you from acid and corrosion.
 I - a +2 hand axe of venom
Missiles
 H - a throwing net
Armour
 j - a +1 pair of gloves (worn)
 s - +0 steam dragon scales (worn)
 t - a +0 cloak (worn)
 u - a +0 helmet (worn)
Jewellery
 a - a ring of protection from fire
 o - a +6 ring of intelligence (left hand)
 x - a ring of resist corrosion
 y - an amulet of regeneration (around neck)
 B - a +6 ring of intelligence (right hand)
Wands
 C - a wand of flame (32)
 E - a wand of charming (10)
 F - a wand of polymorph (7)
 G - a wand of iceblast (3)
Scrolls
 b - 2 scrolls of fear
 c - a scroll of silence
 d - a scroll of immolation
 f - 2 scrolls of identify
 g - 5 scrolls of teleportation
 l - 2 scrolls of enchant weapon
 v - a scroll of fog
 A - 2 scrolls of enchant armour
Potions
 e - 4 potions of heal wounds
 k - a potion of resistance
 m - 4 potions of haste
 n - 4 potions of brilliance
 p - a potion of berserk rage
 r - a potion of attraction
 w - 3 potions of curing
 z - 3 potions of ambrosia
 D - 2 potions of cancellation


   Skills:
 + Level 9.1 Fighting
 + Level 0.4 Armour
 + Level 2.3 Dodging
 - Level 1.5 Stealth
 * Level 10.3 Spellcasting
 + Level 1.3 Invocations


You had 5 spell levels left.
You knew the following spells:

 Your Spells              Type           Power      Damage    Failure   Level
a - Magic Dart            Conj           100%       1d8       1%          1
b - Blink                 Tloc           100%       N/A       1%          2
c - Slow                  Hex            100%       N/A       1%          1
d - Call Imp              Summ           74%        N/A       1%          2
e - Olgreb's Toxic Radia  Pois           74%        N/A       1%          4
f - Mephitic Cloud        Conj/Pois/Air  74%        N/A       1%          3
g - Kiss of Death         Conj/Necr      100%       2d13      1%          1
h - Momentum Strike       Conj/Tloc      100%       3d10      1%          2
i - Gell's Gravitas       Tloc           74%        N/A       1%          3
l - Manifold Assault      Tloc           74%        N/A       1%          4
p - Cigotuvi's Dreadful   Necr/Pois/Air  100%       N/A       1%          2
Your spell library was empty.

Dungeon Overview and Level Annotations

Branches:
Dungeon (11/15)            Temple (1/1) D:6          Bailey (visited)
   Lair: D:8-11         Orc: D:9-12

Altars:
Ashenzari
Cheibriados
Dithmenos
Elyvilon
Fedhas
Gozag
Hepliaklqana
Makhleb
Nemelex Xobeh
Okawaru
Qazlal
Ru
Trog
Uskayaw
Wu Jian
Xom
Yredelemnul
Zin
The Shining One

Shops:
D:1 [   D:3 *   D:9 *

Annotations:
D:10 Josephine


Innate Abilities, Weirdness & Mutations

You are immune to sickness and miasma.
You are immune to poison.
Your flesh is very heat resistant. (rF++)
You are vulnerable to cold. (rC-)
You float through the air rather than walking.
You learn spells naturally, not from books.
Your magical power is your life essence.
You have superior vitality. (+4 MHP)


Message History

Gravity reorients around the seven-headed hydra.
The centaur collides with the centaur!
The centaur is severely wounded. x2
The centaur collides with the seven-headed hydra!
The seven-headed hydra is lightly wounded.
You kill the centaur!
Makhleb accepts your kill.
The centaur collides with the seven-headed hydra!
The seven-headed hydra is moderately wounded.
The centaur is heavily wounded.
The centaur collides with the seven-headed hydra!
The seven-headed hydra is moderately wounded.
You kill the centaur!
Makhleb accepts your kill.
* * * LOW HITPOINT WARNING * * *
The centaur looks as sick as possible!
You kill the centaur!
Makhleb accepts your kill.
The centaur wields a +0 shortbow.
The centaur shoots an arrow.
The arrow barely misses you.
The seven-headed hydra is attracted toward you.
The centaur is attracted toward you.
Casting: Gell's Gravitas (safe; 1% risk of failure)
Confirm with . or Enter, or press ? or * to list all spells.
Aiming: Slow (safe; 1% risk of failure)
Press: ? - help, Shift-Dir - straight line, f/p - seven-headed hydra
Aim: a seven-headed hydra (moderately wounded, ally target, chance to affect: 23%)
The seven-headed hydra resists with almost no effort.
* * * LOW HITPOINT WARNING * * *
Your toxic aura wanes.
The centaur shoots an arrow.
The arrow hits you but does no damage. The seven-headed hydra bites you.
* * * LOW HITPOINT WARNING * * *
The seven-headed hydra bites you!
* * * LOW HITPOINT WARNING * * *
The seven-headed hydra bites you but does no damage.
The seven-headed hydra bites you.
* * * LOW HITPOINT WARNING * * *
The seven-headed hydra bites you.
You die...

.#...#### #...#
........# #...####
........# ##...#.###
........# ###........#
..(<.#.####.#.......##
........##.........##
.....#..##........##
....#............##
....##...[......@.#
.....#........5D.##
....#........)§c.#
....##........§..#
#....#............#
..#................
#..#..........
...#..........#


You could see a seven-headed hydra (ally target), a centaur (poisoned) and a
friendly white imp (summoned).

Vanquished Creatures
  Harold (D:9)
  Maggie (D:7)
  A meliai (D:11)
  A troll (D:10)
  Grinder (D:3)
  Sigmund (D:2)
  2 yaks (D:10)
  A wyvern (D:8)
  3 steam dragons (D:10)
  2 vampire mosquitoes (D:11)
  An acid dragon (D:10)
  A water moccasin (D:9)
  7 orc warriors (Bailey)
  4 sky beasts
  2 ogres
  An ice beast (D:7)
  6 centaurs
  2 phantoms
  A bullfrog (D:7)
  A scorpion (D:5)
  2 necrophages
  A wight (D:8)
  3 killer bees (D:7)
  2 howler monkeys (D:8)
  A hound (D:7)
  An orc priest (D:9)
  2 iguanas (D:5)
  4 orc wizards
  12 adders
  A shadow imp (D:8)
  2 white imps
  5 worms
  2 dart slugs
  30 orcs
  6 endoplasms
  4 giant cockroaches
  12 hobgoblins
  6 jackals
  8 quokkas
  7 ball pythons
  3 bats
  6 frilled lizards
  11 goblins
  6 kobolds
  8 rats (D:1)
185 creatures vanquished.

Vanquished Creatures (collateral kills)
  An orc warrior (Bailey)
  A necrophage (D:7)
  A wight (D:8)
  A worm (D:2)
  An orc (Bailey)
5 creatures vanquished.

Vanquished Creatures (others)
  An orc knight (Bailey)
  2 yaks (D:10)
  5 orc warriors
  2 scorpions (D:7)
  3 wights (D:8)
  2 killer bees (D:7)
  A howler monkey (D:8)
  A mummy (D:6)
  A worm (D:4)
  A dart slug (D:4)
  An orc (Bailey)
  An endoplasm (D:2)
  A hobgoblin (D:2)
22 creatures vanquished.

Grand Total: 212 creatures vanquished

Notes
Turn   | Place    | Note
-------+----------+-------------------------------------------
     0 | D:1      | Bnni the Djinni Hedge Wizard began the quest for the Orb.
     0 | D:1      | Bnni set off with the following spells memorised: Magic
                  | Dart, Slow, Blink, Call Imp, Cigotuvi's Dreadful Rot,
                  | Mephitic Cloud.
     0 | D:1      | Reached XP level 1. HP: 15/15 MP: 0/0
   130 | D:1      | Reached XP level 2. HP: 3/22 MP: 0/0
   369 | D:1      | Reached skill level 1 in Fighting
   388 | D:1      | Found Ukhlul's Antique Armour Shoppe.
   571 | D:1      | Reached XP level 3. HP: 20/27 MP: 0/0
   571 | D:1      | Learned a level 1 spell: Kiss of Death
   644 | D:1      | Reached skill level 3 in Spellcasting
  1407 | D:2      | Noticed Sigmund
  1430 | D:2      | Killed Sigmund
  1431 | D:2      | Reached skill level 4 in Spellcasting
  1431 | D:2      | Reached XP level 4. HP: 17/34 MP: 0/0
  1431 | D:2      | Reached XP level 5. HP: 20/40 MP: 0/0
  1431 | D:2      | Learned a level 2 spell: Momentum Strike
  1431 | D:2      | Reached XP level 6. HP: 23/45 MP: 0/0
  1592 | D:2      | Found the +5 scythe "Finisher" {speed, eviscerate}
  1763 | D:2      | Upgraded the game from 0.30-a0-241-g1121274140 to
                  | 0.30-a0-272-gf98c3da03f
  2250 | D:3      | Noticed Grinder
  2252 | D:3      | Killed Grinder
  2253 | D:3      | Reached skill level 5 in Spellcasting
  2253 | D:3      | Reached XP level 7. HP: 50/51 MP: 0/0
  2253 | D:3      | Learned a level 3 spell: Gell's Gravitas
  2644 | D:3      | Found Fenar's General Store.
  2652 | D:3      | Bought a potion of curing for 33 gold pieces
  3046 | D:4      | Identified the +4 rapier of Moaj {protect, +Blink rPois
                  | rCorr Int+2}
  3507 | D:4      | Found an iron altar of Okawaru.
  3945 | D:4      | Found a hide-covered altar of Uskayaw.
  4098 | D:5      | Entered Level 5 of the Dungeon
  4106 | D:5      | Reached XP level 8. HP: 58/58 MP: 0/0
  4536 | D:5      | Reached skill level 6 in Spellcasting
  4743 | D:6      | Found a staircase to the Ecumenical Temple.
  4752 | D:6      | Identified the +1 pair of boots of Jyupsih {rC+ Dex+3}
  4765 | Temple   | Entered the Ecumenical Temple
  4938 | D:6      | Reached skill level 5 in Fighting
  5054 | D:6      | Found a snail-covered altar of Cheibriados.
  5270 | D:6      | Identified a scroll of acquirement
  5271 | D:6      | Acquired 897 gold pieces
  5360 | D:7      | Noticed Maggie
  5388 | D:7      | Killed Maggie
  5389 | D:7      | Reached skill level 7 in Spellcasting
  5389 | D:7      | Reached XP level 9. HP: 56/66 MP: 0/0
  5389 | D:7      | Learned a level 4 spell: Manifold Assault
  5702 | D:7      | Found an ornate altar of the Wu Jian Council.
  6073 | D:8      | Reached skill level 8 in Spellcasting
  6595 | D:9      | Found Heruesto's General Store.
  7073 | D:9      | Reached XP level 10. HP: 47/72 MP: 0/0
  7114 | D:9      | Noticed Harold
  7134 | D:9      | Killed Harold
  7345 | D:10     | Entered Level 10 of the Dungeon
  7416 | D:10     | Reached skill level 9 in Spellcasting
  7658 | D:10     | Found a flagged portal.
  7666 | Bailey   | Entered a bailey
  8441 | Bailey   | Identified the +4 long sword "Jocwami" {spect, MP+9 Stlth+}
  8443 | Bailey   | Noticed an orc knight
  8461 | Bailey   | Killed an orc knight
  8694 | D:10     | Noticed Josephine
  8835 | D:10     | Reached skill level 10 in Spellcasting
  8934 | D:10     | Found a burning altar of Makhleb.
  8934 | D:10     | Noticed an Executioner
  8937 | D:10     | Noticed a smoke demon
  8939 | D:10     | Became a worshipper of Makhleb the Destroyer
  9123 | D:11     | Noticed a centaur warrior
  9191 | D:11     | Reached XP level 11. HP: 38/82 MP: 0/0
  9191 | D:11     | Learned a level 4 spell: Olgreb's Toxic Radiance
  9194 | D:11     | Reached skill level 1 in Invocations
  9286 | D:11     | Noticed a seven-headed hydra
  9288 | D:11     | HP: 4/84 [seven-headed hydra (13)]
  9288 | D:11     | Slain by a seven-headed hydra

Illustrated notes

Levels and vault maps discovered:
D:1:      lordsloth_arrival_two_stooges, layout_basic, serial_shops,
          nicolae_shop_waterfront
D:2:      layout_basic, uniq_sigmund
D:3:      layout_basic, serial_shops, nicolae_shop_stone,
          lightli_corner_chamber, uniq_grinder
D:4:      layout_cave_pods, okawaru_ov_weapons_minmay, nicolae_uskayaw_suspiria,
          nicolae_concentric_dashed_squares_mild, minmay_quadrilaterals
D:5:      layout_loops_cross, kennysheep_little_box
D:6:      layout_basic, slow_altar_1, minmay_temple_entry_purple_smoke,
          supply_closet_lemuel, chequers_serial_rivers_small_b
D:7:      layout_basic, mainiacjoe_overflow_surrounded_room, uniq_maggie
D:8:      layout_loops_ring, nicolae_wwwww
D:9:      layout_roguey, serial_shops, nicolae_shop_waterfront,
          hangedman_decor_diamond_cutter, uniq_harold
D:10:     layout_stronghold, makhleb_altar_promises_db, enter_bailey_4,
          hangedman_misty_isle, uniq_josephine
D:11:     minmay_bloctagon_deflated, layout_cave_pools, lair_entry_dummy,
          minmay_statue_bubble
Temple:   nicolae_temple_bog_church

Skill      XL: |  1  2  3  4  5  6  7  8  9 10 11 |
---------------+----------------------------------+-----
Fighting       | 1 2 3 4 5 7 8 9 |  9.1
Spellcasting   | 4 5 7 8 10 | 10.3
Invocations    | 1 |  1.3
Armour         | |  0.4
Dodging        | |  2.3
Stealth        | |  1.5

Action                   |  1- 3 |  4- 6 |  7- 9 | 10-12 || total
-------------------------+-------+-------+-------+-------++-------
Melee: Dagger            |   100 |     3 |       |       ||   103
       Scythe            |       |    26 |    30 |       ||    56
       Rapier            |       |       |   141 |    12 ||   153
       Punch             |       |       |     1 |       ||     1
 Cast: Magic Dart        |    35 |    26 |   199 |    96 ||   356
       Mephitic Cloud    |     3 |     1 |    10 |    15 ||    29
       Call Imp          |     2 |       |     9 |    25 ||    36
       Slow              |     1 |     1 |     8 |     6 ||    16
       Momentum Strike   |       |     3 |    20 |    22 ||    45
       Gell's Gravitas   |       |       |    13 |    31 ||    44
       Kiss of Death     |       |       |     3 |       ||     3
       Blink             |       |       |     2 |     1 ||     3
       Manifold Assault  |       |       |     2 |       ||     2
       Olgreb's Toxic Ra |       |       |       |     1 ||     1
  Use: Potion            |     1 |       |       |     1 ||     2
       Scroll            |       |       |    18 |     5 ||    23
 Stab: Sleeping          |     5 |       |     3 |     1 ||     9
       Confused          |     2 |       |     1 |       ||     3
Armor: Robe              |    18 |    12 |    43 |       ||    73
       Steam dragon scal |       |       |    35 |    25 ||    60
Dodge: Dodged            |    59 |    24 |   138 |    57 ||   278

Table legend: (Time is in decaauts)
 A = Elapsed time spent in this place.
 B = Non-inter-level travel time spent in this place.
 C = Inter-level travel time spent in this place.
 D = Time resting spent in this place.
 E = Time spent auto-exploring this place.
 F = Levels seen in this place.
 G = Mean time per level.
                   A        B        C        D        E       F      G
               +--------+--------+--------+--------+--------+-----+--------+
         Total |   9352 |   9060 |    292 |   1058 |   5727 |  13 |  719.4 |
       Dungeon |   8382 |   8107 |    275 |    588 |   5614 |  11 |  762.0 |
        Temple |    152 |    135 |     17 |      0 |    113 |   1 |  152.0 |
        Bailey |    817 |    817 |      0 |    470 |      0 |   1 |  817.0 |
               +--------+--------+--------+--------+--------+-----+--------+

Top non-repeatable levels by time:
     D:4: 1229 daAuts
     D:1: 1149 daAuts
    D:10: 1088 daAuts
     D:3: 933 daAuts
  Bailey: 817 daAuts
     D:2: 804 daAuts
     D:8: 773 daAuts
     D:9: 750 daAuts
     D:5: 652 daAuts
     D:7: 554 daAuts
     D:6: 385 daAuts
  Temple: 152 daAuts
    D:11: 61 daAuts
